 Dungeon Sprint DCSS version 0.30.1-11-g7821555f0a (webtiles) character file.

Game seed: 2532765029697557976

4979 Groucho the Covert (level 10, -2/44 HPs)
             Began as a Spriggan Earth Elementalist on Jan 16, 2024.
             Was a High Priest of Dithmenos.
             Succumbed to Sonja's poison
             ... in the Dungeon (Sprint I: "Red Sonja").
             The game lasted 00:09:56 (4303 turns).

Groucho the Covert (Spriggan Earth Elementalist)    Turns: 4303, Time: 00:09:56

Health: -2/44      AC:  5    Str:  4    XL:     10   Next: 29%
Magic:  24/27      EV: 18    Int: 21    God:    Dithmenos [*****.]
Gold:   425        SH:  0    Dex: 16    Spells: 26/34 levels left

rFire   . . .        h - +0 dagger
rCold   . . .        (no shield)
rNeg    . . .        a - +0 robe
rPois   .            s - +1 hat
rElec   .            n - +1 cloak
rCorr   .            (gloves unavailable)
SInv    +            (boots unavailable)
Will    +....        (no amulet)
Stlth   ++++++++++   l - ring of flight
HPRegen 0.27/turn    (no ring)
MPRegen 0.20/turn

%: no teleportation
@: lethally poisoned (-2 -> -25), flying, wreathed by umbra, very quick
A: very small, no large weapons, unfitting armour, see invisible, speed 3
a: Renounce Religion, Shadow Step, Shadow Form


You were in the Dungeon.
You worshipped Dithmenos.
Dithmenos was extremely pleased with you.
You visited 1 branch You collected 979 gold pieces.
You spent 554 gold pieces at shops.

Inventory:

Hand Weapons
 h - a +0 dagger (weapon)
Armour
 a - a +0 robe (worn)
 m - the +1 robe "Rihurch" {rC+ rN++ Str+2 Slay-4}
   (You bought it in a shop in the Dungeon)

   Str:       It affects your strength (+2).
   Slay:      It affects your accuracy & damage with ranged weapons and melee
   (-4).
   rC:        It protects you from cold.
   rN:        It greatly protects you from negative energy.
 n - a +1 cloak (worn)
 q - a +0 troll leather armour
 s - a +1 hat (worn)
Jewellery
 l - a ring of flight (left hand)
Wands
 d - a wand of charming (4)
 e - a wand of polymorph (9)
Scrolls
 g - 4 scrolls of blinking
 j - 2 scrolls of amnesia {unknown}
 k - 2 scrolls of magic mapping {unknown}
 o - a scroll of identify {unknown}
 p - a scroll of fear {unknown}
Potions
 b - 2 potions of magic
 f - a potion of berserk rage
 i - a potion of haste
 r - a potion of cancellation {unknown}


   Skills:
 - Level 5.0 Short Blades
 + Level 1.0 Armour
 + Level 3.5 Dodging
 + Level 14.3 Stealth
 + Level 12.5 Spellcasting
 + Level 7.9 Conjurations
 + Level 13.3 Transmutations
 * Level 12.9 Earth Magic


You had 26 spell levels left.
You knew the following spells:

 Your Spells              Type           Power      Damage    Failure   Level
a - Sandblast             Erth           100%       2d20      1%          1
b - Stone Arrow           Conj/Erth      100%       3d13      1%          3
c - Petrify               Tmut/Erth      62%        N/A       1%          4

Your spell library contained the following spells:

 Spells                   Type           Power      Damage    Failure   Level
 Passwall                 Tmut/Erth      51%        N/A       1%          2
 Leda's Liquefaction      Hex/Erth       20%        N/A       3%          4
 Call Canine Familiar     Summ           13%        N/A       16%         3
 Portal Projectile        Hex/Tloc       26%        N/A       16%         3


Dungeon Overview and Level Annotations

Branches:
Dungeon (1/1)

Altars:
Cheibriados
Dithmenos
Elyvilon
Fedhas
Gozag
Hepliaklqana
Kikubaaqudgha
Makhleb
Nemelex Xobeh
Okawaru
Qazlal
Ru
Sif Muna
Trog
Uskayaw
Vehumet
Wu Jian
Xom
Yredelemnul
Zin
The Shining One
Jiyva
Lugonu

Shops:
D [([**:[?[=*(([[=


Innate Abilities, Weirdness & Mutations

You are very small and have problems with some larger weapons.
You are too small for most types of armour.
You have supernaturally acute eyesight. (SInv)
You cover ground extremely quickly. (Speed+++)


Message History

Unknown command.
Unknown command.
Unknown command.
You hit Sonja but do no damage.
Sonja is severely wounded.
You feel very sick. Sonja closely misses you.
Sonja hits you with a +0 short sword of venom.
You are more poisoned.
Sonja barely misses you.
Sonja says, "I'm academy-trained, you know."
Sonja hits you with a +0 short sword of venom!
You are more poisoned.
Sonja closely misses you.
Sonja hits you with a +0 short sword of venom.
You are more poisoned.
Unknown command.
Okay, then.
Okay, then.
You hit Sonja.
Sonja is severely wounded.
* * * LOW HITPOINT WARNING * * *
You feel very sick. Sonja barely misses you. Sonja misses you.
Sonja closely misses you.
Unknown command.
Unknown command.
Okay, then.
* * * LOW HITPOINT WARNING * * *
You feel very sick.
You see here 27 gold pieces.
Unknown command.
You catch the helpless Sonja completely off-guard!
You impale Sonja!!
You kill Sonja!
Dithmenos accepts your kill.
* * * LOW HITPOINT WARNING * * *
You feel very sick.
Your Armour skill increases to level 1!
Your Dodging skill increases to level 3!
You die...

#.[#####+#####'#__####
#..####..#...#)####)§####
#..#__####..##[#~~§§§#..#
#..#_____##'#_.'~§~§§§.§#
#⌠⌠#_.∩...'..._#)§§§§#§.#
####_..__##_.#'##§#####'###
#_____###+#.#.†.[###.§§#
#########.####'###.###§#
+$.@'.....'.∩##.#
#$.$###########§#
##.###.......##§# #+
#.......§'.# #'''######§#
#........#§#
######.......#+§#
#..((.......~####
#††........~~#


There were no monsters in sight!

Vanquished Creatures
  2 centaur warriors (D)
  Sonja (D)
  A deep troll (D)
  An oklob plant (D)
  2 unseen horrors (D)
  A hornet (D)
  A slime creature (D)
  Sigmund (D)
  A yak (D)
  2 redbacks (D)
  A floating eye (D)
  An ogre (D)
  7 necrophages (D)
  8 jellies (D)
  Ijyb (D)
31 creatures vanquished.

Vanquished Creatures (others)
  A gargoyle (D)
1 creature vanquished.

Grand Total: 32 creatures vanquished

Notes
Turn   | Place    | Note
-------+----------+-------------------------------------------
     0 | D        | Groucho the Spriggan Earth Elementalist began the quest for
                  | the Orb.
     0 | D        | Reached XP level 1. HP: 9/9 MP: 5/5
     4 | D        | Noticed Ijyb
    20 | D        | Killed Ijyb
    21 | D        | Reached skill level 1 in Conjurations
    21 | D        | Reached XP level 2. HP: 13/13 MP: 1/8
   751 | D        | Noticed an ogre
   756 | D        | Killed an ogre
   757 | D        | Reached XP level 3. HP: 16/16 MP: 3/11
   757 | D        | Reached XP level 4. HP: 21/21 MP: 3/13
  1225 | D        | Learned a level 3 spell: Stone Arrow
  1230 | D        | Learned a level 4 spell: Petrify
  1248 | D        | Noticed Sigmund
  1252 | D        | Killed Sigmund
  1253 | D        | Reached skill level 5 in Stealth
  1253 | D        | Reached XP level 5. HP: 24/24 MP: 3/15
  1253 | D        | Reached XP level 6. HP: 28/28 MP: 3/17
  1840 | D        | Found a shimmering blue altar of Sif Muna.
  1841 | D        | Found an ornate altar of the Wu Jian Council.
  1842 | D        | Found a radiant altar of Vehumet.
  1844 | D        | Reached skill level 6 in Stealth
  1890 | D        | Noticed a centaur warrior
  1895 | D        | Found Teheith's Armour Emporium.
  1895 | D        | Found an ancient bone altar of Kikubaaqudgha.
  1895 | D        | Found a stormy altar of Qazlal.
  1895 | D        | Found a blossoming altar of Fedhas.
  1895 | D        | Found a bloodstained altar of Trog.
  1895 | D        | Found an iron altar of Okawaru.
  1895 | D        | Found a glowing golden altar of the Shining One.
  1895 | D        | Found a glowing silver altar of Zin.
  1895 | D        | Found a white marble altar of Elyvilon.
  1895 | D        | Noticed a yak
  1896 | D        | Found a hazy altar of Hepliaklqana.
  1896 | D        | Found a hide-covered altar of Uskayaw.
  1896 | D        | Found a basalt altar of Yredelemnul.
  1896 | D        | Found an opulent altar of Gozag.
  1896 | D        | Found a snail-covered altar of Cheibriados.
  1896 | D        | Found a sacrificial altar of Ru.
  1896 | D        | Found a shadowy altar of Dithmenos.
  1898 | D        | Killed a yak
  1899 | D        | Reached skill level 7 in Stealth
  1899 | D        | Found a sparkling altar of Nemelex Xobeh.
  1907 | D        | Became a worshipper of Dithmenos the Shadowed
  1926 | D        | Found a viscous altar of Jiyva.
  1926 | D        | Found a corrupted altar of Lugonu.
  1926 | D        | Noticed a slime creature
  1927 | D        | Found a burning altar of Makhleb.
  1927 | D        | Found a shimmering altar of Xom.
  1946 | D        | Killed a slime creature
  1947 | D        | Reached skill level 5 in Short Blades
  1947 | D        | Reached skill level 5 in Conjurations
  1947 | D        | Reached XP level 7. HP: 31/32 MP: 10/19
  2315 | D        | Killed a centaur warrior
  2316 | D        | Reached skill level 9 in Stealth
  2316 | D        | Reached skill level 10 in Transmutations
  2316 | D        | Reached XP level 8. HP: 36/36 MP: 12/22
  2633 | D        | Noticed a centaur warrior
  2650 | D        | Killed a centaur warrior
  2650 | D        | Reached * piety under Dithmenos
  2651 | D        | Reached skill level 11 in Stealth
  2651 | D        | Reached skill level 10 in Spellcasting
  2651 | D        | Reached skill level 10 in Earth Magic
  2793 | D        | Noticed a hornet
  2796 | D        | Killed a hornet
  2797 | D        | Reached XP level 9. HP: 39/39 MP: 24/24
  2807 | D        | Noticed an oklob plant
  2812 | D        | Killed an oklob plant
  2813 | D        | Reached skill level 12 in Stealth
  3064 | D        | Reached ** piety under Dithmenos
  3086 | D        | Noticed an unseen horror
  3086 | D        | Noticed an unseen horror
  3098 | D        | Killed an unseen horror
  3105 | D        | Killed an unseen horror
  3106 | D        | Reached skill level 13 in Stealth
  3455 | D        | Killed a gargoyle
  3481 | D        | Reached *** piety under Dithmenos
  3491 | D        | Reached **** piety under Dithmenos
  4132 | D        | Reached ***** piety under Dithmenos
  4137 | D        | Reached XP level 10. HP: 44/44 MP: 25/27
  4153 | D        | Found Kyaskee's Antique Armour Shoppe.
  4153 | D        | Found Keun Fasoi's Weapon Shop.
  4153 | D        | Found Nagharr's Assorted Antiques.
  4155 | D        | Found Astunux's General Store.
  4155 | D        | Found Xamn's Book Shop.
  4155 | D        | Found Xiblisor's Armour Shoppe.
  4155 | D        | Found Hucel's Magic Scroll Boutique.
  4155 | D        | Found Nagacoem's Antique Armour Emporium.
  4155 | D        | Found Heimm's Jewellery Shop.
  4155 | D        | Found Yczoodil's Assorted Antiques.
  4157 | D        | Found Achum's Weapon Boutique.
  4158 | D        | Found Niucaf Vut's Armour Emporium.
  4158 | D        | Found Mavu's Antique Weapon Boutique.
  4163 | D        | Found Tuegh's Jewellery Emporium.
  4174 | D        | Bought a ring of flight for 175 gold pieces
  4188 | D        | Bought a fabulously ornate robe for 108 gold pieces
  4188 | D        | Identified the +1 robe "Rihurch" {rC+ rN++ Str+2 Slay-4}
                  | (You bought it in a shop in the Dungeon)
  4199 | D        | Bought a +1 cloak for 161 gold pieces
  4250 | D        | Noticed a deep troll
  4257 | D        | Killed a deep troll
  4258 | D        | Reached skill level 14 in Stealth
  4272 | D        | Found Laemun's Armour Emporium.
  4277 | D        | Bought a +1 hat for 110 gold pieces
  4292 | D        | Noticed Sonja
  4302 | D        | Killed Sonja
  4302 | D        | HP: 2/44 [poisoned by Sonja]
  4303 | D        | Reached skill level 1 in Armour
  4303 | D        | Succumbed to Sonja's poison

Illustrated notes

Levels and vault maps discovered:
D:        dungeon_sprint_1 [red_sonja_temple_1, red_sonja_temple_small_1]

Skill      XL: |  1  2  3  4  5  6  7  8  9 10 |
---------------+-------------------------------+-----
Spellcasting   | 4 6 7 8 9 10 12 | 12.5
Conjurations   | 1 3 4 5 6 7 |  7.9
Transmutations | 3 6 7 8 10 11 12 13 | 13.3
Earth Magic    | 3 4 6 8 9 10 12 | 12.9
Short Blades   | 3 5 |  5.0
Stealth        | 5 7 9 11 13 14 | 14.3
Armour         | 1 |  1.0
Dodging        | 3 |  3.5

Action                     |  1- 3 |  4- 6 |  7- 9 | 10-12 || total
---------------------------+-------+-------+-------+-------++-------
  Melee: Unarmed           |     4 |       |       |       ||     4
         Dagger            |       |     5 |    28 |     6 ||    39
         Punch             |       |     1 |       |       ||     1
   Cast: Sandblast         |    13 |     1 |       |       ||    14
         Stone Arrow       |       |     5 |     4 |       ||     9
         Petrify           |       |     2 |    12 |     2 ||    16
    Use: Potion            |     2 |     1 |       |     1 ||     4
   Stab: Petrified         |       |     4 |    10 |     2 ||    16
         Sleeping          |       |     1 |    15 |       ||    16
         Petrifying        |       |       |     2 |     2 ||     4
 Armour: Skin              |     4 |       |       |       ||     4
         Robe              |       |       |     1 |     1 ||     2
  Dodge: Dodged            |     4 |     2 |    10 |    15 ||    31
